%YAML 1.1
%TAG !u! tag:unity3d.com,2011:
--- !u!244 &-8839203338527850538
AudioMixerEffectController:
  m_ObjectHideFlags: 3
  m_CorrespondingSourceObject: {fileID: 0}
  m_PrefabInstance: {fileID: 0}
  m_PrefabAsset: {fileID: 0}
  m_Name: 
  m_EffectID: 521db4e52f4bb487db4e25204b838989
  m_EffectName: Attenuation
  m_MixLevel: 08652db2408b04bfcbd304873d872519
  m_Parameters: []
  m_SendTarget: {fileID: 0}
  m_EnableWetMix: 0
  m_Bypass: 0
--- !u!243 &-8108624574578792797
AudioMixerGroupController:
  m_ObjectHideFlags: 0
  m_CorrespondingSourceObject: {fileID: 0}
  m_PrefabInstance: {fileID: 0}
  m_PrefabAsset: {fileID: 0}
  m_Name: UI
  m_AudioMixer: {fileID: 24100000}
  m_GroupID: 03678a7c934e54fbe918267a4f9af89f
  m_Children: []
  m_Volume: fddec1afcd6514da2832019040c592d5
  m_Pitch: db531c935ab13482390034dabe9d6157
  m_Send: 00000000000000000000000000000000
  m_Effects:
  - {fileID: 6847117127619023284}
  m_UserColorIndex: 0
  m_Mute: 0
  m_Solo: 0
  m_BypassEffects: 0
--- !u!243 &-6068962525947437402
AudioMixerGroupController:
  m_ObjectHideFlags: 0
  m_CorrespondingSourceObject: {fileID: 0}
  m_PrefabInstance: {fileID: 0}
  m_PrefabAsset: {fileID: 0}
  m_Name: Guide
  m_AudioMixer: {fileID: 24100000}
  m_GroupID: 6bbf395d371c8421b8a9e2cef4201312
  m_Children: []
  m_Volume: e07cdae01fada41a48d21bd98f14d9ca
  m_Pitch: cba4e294306bd4decabf08cb395afc59
  m_Send: 00000000000000000000000000000000
  m_Effects:
  - {fileID: -4222490977247123143}
  m_UserColorIndex: 0
  m_Mute: 0
  m_Solo: 0
  m_BypassEffects: 0
--- !u!243 &-5632275828825653680
AudioMixerGroupController:
  m_ObjectHideFlags: 0
  m_CorrespondingSourceObject: {fileID: 0}
  m_PrefabInstance: {fileID: 0}
  m_PrefabAsset: {fileID: 0}
  m_Name: Footsteps
  m_AudioMixer: {fileID: 24100000}
  m_GroupID: 19214c40e59f446e7b00fd88c7aa8d8d
  m_Children: []
  m_Volume: 221874c47399342c3b2287eddcd2f3c4
  m_Pitch: bed5651dd3ccf4dfa8f485f59a9d0c9f
  m_Send: 00000000000000000000000000000000
  m_Effects:
  - {fileID: 627519070691540601}
  m_UserColorIndex: 0
  m_Mute: 0
  m_Solo: 0
  m_BypassEffects: 0
--- !u!244 &-4238768119763963276
AudioMixerEffectController:
  m_ObjectHideFlags: 3
  m_CorrespondingSourceObject: {fileID: 0}
  m_PrefabInstance: {fileID: 0}
  m_PrefabAsset: {fileID: 0}
  m_Name: 
  m_EffectID: b19aadc724bc34f9cbbf4058ddd1c0ef
  m_EffectName: Attenuation
  m_MixLevel: 5a27f3b5300b7441ab70c63f9f63cbf9
  m_Parameters: []
  m_SendTarget: {fileID: 0}
  m_EnableWetMix: 0
  m_Bypass: 0
--- !u!244 &-4222490977247123143
AudioMixerEffectController:
  m_ObjectHideFlags: 3
  m_CorrespondingSourceObject: {fileID: 0}
  m_PrefabInstance: {fileID: 0}
  m_PrefabAsset: {fileID: 0}
  m_Name: 
  m_EffectID: 27360c103acbb4ffaac3a248c543947f
  m_EffectName: Attenuation
  m_MixLevel: 73b99f98d7a044780be7c716029f215f
  m_Parameters: []
  m_SendTarget: {fileID: 0}
  m_EnableWetMix: 0
  m_Bypass: 0
--- !u!243 &-3802340078194123989
AudioMixerGroupController:
  m_ObjectHideFlags: 0
  m_CorrespondingSourceObject: {fileID: 0}
  m_PrefabInstance: {fileID: 0}
  m_PrefabAsset: {fileID: 0}
  m_Name: Heros
  m_AudioMixer: {fileID: 24100000}
  m_GroupID: 09bc163ff7ac4471bacce5ebf32b5174
  m_Children: []
  m_Volume: d1ee08f570a5241b8965c740214c6b3c
  m_Pitch: 6cc8973e061314f5da1059b2022d3d84
  m_Send: 00000000000000000000000000000000
  m_Effects:
  - {fileID: -4238768119763963276}
  m_UserColorIndex: 0
  m_Mute: 0
  m_Solo: 0
  m_BypassEffects: 0
--- !u!244 &-3444221898213153152
AudioMixerEffectController:
  m_ObjectHideFlags: 3
  m_CorrespondingSourceObject: {fileID: 0}
  m_PrefabInstance: {fileID: 0}
  m_PrefabAsset: {fileID: 0}
  m_Name: 
  m_EffectID: 275e30a91bc684f14a88529c17c2b665
  m_EffectName: Attenuation
  m_MixLevel: 703cfdcd0cd27478caf6a2de0bc4877c
  m_Parameters: []
  m_SendTarget: {fileID: 0}
  m_EnableWetMix: 0
  m_Bypass: 0
--- !u!244 &-3185864790020026044
AudioMixerEffectController:
  m_ObjectHideFlags: 3
  m_CorrespondingSourceObject: {fileID: 0}
  m_PrefabInstance: {fileID: 0}
  m_PrefabAsset: {fileID: 0}
  m_Name: 
  m_EffectID: b443ad2fcb9d742af94583bfef678461
  m_EffectName: Attenuation
  m_MixLevel: a44e5a1b23693459c94439f28ab8dda1
  m_Parameters: []
  m_SendTarget: {fileID: 0}
  m_EnableWetMix: 0
  m_Bypass: 0
--- !u!243 &-2315725508912255831
AudioMixerGroupController:
  m_ObjectHideFlags: 0
  m_CorrespondingSourceObject: {fileID: 0}
  m_PrefabInstance: {fileID: 0}
  m_PrefabAsset: {fileID: 0}
  m_Name: Music
  m_AudioMixer: {fileID: 24100000}
  m_GroupID: 7a77ae9f87c754bed95e97de06f9456b
  m_Children: []
  m_Volume: 772a1fb68e94e4854835671dc070e7ce
  m_Pitch: 8cd050ad40590473ab57474bd341f725
  m_Send: 00000000000000000000000000000000
  m_Effects:
  - {fileID: -3444221898213153152}
  m_UserColorIndex: 0
  m_Mute: 0
  m_Solo: 0
  m_BypassEffects: 0
--- !u!243 &-2292112155757558670
AudioMixerGroupController:
  m_ObjectHideFlags: 0
  m_CorrespondingSourceObject: {fileID: 0}
  m_PrefabInstance: {fileID: 0}
  m_PrefabAsset: {fileID: 0}
  m_Name: Dialogs
  m_AudioMixer: {fileID: 24100000}
  m_GroupID: 54cf64600f51e42c3bf45430b7c3ffc4
  m_Children:
  - {fileID: -3802340078194123989}
  - {fileID: -6068962525947437402}
  m_Volume: 51cb6eeed34b94ecf9fe5bdd65788ec9
  m_Pitch: 6c9a97fad85a443edbb700042e2900a3
  m_Send: 00000000000000000000000000000000
  m_Effects:
  - {fileID: -1016235308526510711}
  m_UserColorIndex: 0
  m_Mute: 0
  m_Solo: 0
  m_BypassEffects: 0
--- !u!244 &-1016235308526510711
AudioMixerEffectController:
  m_ObjectHideFlags: 3
  m_CorrespondingSourceObject: {fileID: 0}
  m_PrefabInstance: {fileID: 0}
  m_PrefabAsset: {fileID: 0}
  m_Name: 
  m_EffectID: 1ccb1d98b99174fcca754e7f6fe74f73
  m_EffectName: Attenuation
  m_MixLevel: 5919f074ee36f49139d61d38a95330e4
  m_Parameters: []
  m_SendTarget: {fileID: 0}
  m_EnableWetMix: 0
  m_Bypass: 0
--- !u!243 &-904900177050666014
AudioMixerGroupController:
  m_ObjectHideFlags: 0
  m_CorrespondingSourceObject: {fileID: 0}
  m_PrefabInstance: {fileID: 0}
  m_PrefabAsset: {fileID: 0}
  m_Name: Effects
  m_AudioMixer: {fileID: 24100000}
  m_GroupID: 1a3f1cdfa39104417905d1917d27e113
  m_Children:
  - {fileID: 4806972945515477889}
  - {fileID: -5632275828825653680}
  - {fileID: 1908512638694228473}
  - {fileID: -8108624574578792797}
  m_Volume: d489775eeffbc44f28527c47a8038d99
  m_Pitch: 97fad2d3ef7ed4001a3383e8e5a573bf
  m_Send: 00000000000000000000000000000000
  m_Effects:
  - {fileID: -3185864790020026044}
  m_UserColorIndex: 0
  m_Mute: 0
  m_Solo: 0
  m_BypassEffects: 0
--- !u!244 &-796092885681348721
AudioMixerEffectController:
  m_ObjectHideFlags: 3
  m_CorrespondingSourceObject: {fileID: 0}
  m_PrefabInstance: {fileID: 0}
  m_PrefabAsset: {fileID: 0}
  m_Name: 
  m_EffectID: f1a5f7c97ab53491ba659146013fa4bd
  m_EffectName: Attenuation
  m_MixLevel: 7297aa402cc0c48e19045c7d70c2c66a
  m_Parameters: []
  m_SendTarget: {fileID: 0}
  m_EnableWetMix: 0
  m_Bypass: 0
--- !u!241 &24100000
AudioMixerController:
  m_ObjectHideFlags: 0
  m_CorrespondingSourceObject: {fileID: 0}
  m_PrefabInstance: {fileID: 0}
  m_PrefabAsset: {fileID: 0}
  m_Name: Master
  m_OutputGroup: {fileID: 0}
  m_MasterGroup: {fileID: 24300002}
  m_Snapshots:
  - {fileID: 24500006}
  m_StartSnapshot: {fileID: 24500006}
  m_SuspendThreshold: -80
  m_EnableSuspend: 1
  m_UpdateMode: 0
  m_ExposedParameters:
  - guid: 51cb6eeed34b94ecf9fe5bdd65788ec9
    name: DialogsVolume
  - guid: d489775eeffbc44f28527c47a8038d99
    name: EffectsVolume
  - guid: c800ea2f5821e484ab4ba6cf284511db
    name: MasterVolume
  - guid: 772a1fb68e94e4854835671dc070e7ce
    name: MusicVolume
  m_AudioMixerGroupViews:
  - guids:
    - ccb4938aa91004dfe974438648fa7f0e
    - 7a77ae9f87c754bed95e97de06f9456b
    - 1a3f1cdfa39104417905d1917d27e113
    - 54cf64600f51e42c3bf45430b7c3ffc4
    - 09bc163ff7ac4471bacce5ebf32b5174
    - 6bbf395d371c8421b8a9e2cef4201312
    - 52a473d76e0d6483abeec6bef3b646e0
    - 19214c40e59f446e7b00fd88c7aa8d8d
    - 8318291d6b4a74a86bf4900b3c6a0f3a
    - af202534732c74843a7a961138aec5f0
    - 521cf961f90264188a684dd629b85af8
    - 53a5c830e312240c58794f5b06390607
    - 03678a7c934e54fbe918267a4f9af89f
    name: View
  m_CurrentViewIndex: 0
  m_TargetSnapshot: {fileID: 24500006}
--- !u!243 &24300002
AudioMixerGroupController:
  m_ObjectHideFlags: 0
  m_CorrespondingSourceObject: {fileID: 0}
  m_PrefabInstance: {fileID: 0}
  m_PrefabAsset: {fileID: 0}
  m_Name: Master
  m_AudioMixer: {fileID: 24100000}
  m_GroupID: ccb4938aa91004dfe974438648fa7f0e
  m_Children:
  - {fileID: 3252583100440898473}
  - {fileID: 1172428234610110384}
  - {fileID: 8809805033305890169}
  m_Volume: c800ea2f5821e484ab4ba6cf284511db
  m_Pitch: a6f4f20f40f044d4f819cf5a61ebf79e
  m_Send: 00000000000000000000000000000000
  m_Effects:
  - {fileID: 24400004}
  m_UserColorIndex: 0
  m_Mute: 0
  m_Solo: 0
  m_BypassEffects: 0
--- !u!244 &24400004
AudioMixerEffectController:
  m_ObjectHideFlags: 3
  m_CorrespondingSourceObject: {fileID: 0}
  m_PrefabInstance: {fileID: 0}
  m_PrefabAsset: {fileID: 0}
  m_Name: 
  m_EffectID: ebfe54105e3cb4561ac7c47a6885c3db
  m_EffectName: Attenuation
  m_MixLevel: 4e2fd711e0269406886bf604a5aeaee8
  m_Parameters: []
  m_SendTarget: {fileID: 0}
  m_EnableWetMix: 0
  m_Bypass: 0
--- !u!245 &24500006
AudioMixerSnapshotController:
  m_ObjectHideFlags: 0
  m_CorrespondingSourceObject: {fileID: 0}
  m_PrefabInstance: {fileID: 0}
  m_PrefabAsset: {fileID: 0}
  m_Name: Snapshot
  m_AudioMixer: {fileID: 24100000}
  m_SnapshotID: 19bb221a89ec64f9c88836fb57ec1399
  m_FloatValues:
    4b9516328e74040719141c6cc7c89452: 410
    1f19d6176d6244dfdb35a65c574e7af4: 0
    1e4c5b87e578d4de19d5c421ac924b9c: -25
    f6b436e73abdd4b059f57b44f5483dfd: -4720
    7bcf07f788adb4eaeb5c4980a4c3b43c: 0.433
    0f027be8759574ab395d88ff103dcb85: -3957
    d5379809788d840f4ad91fcd665e6b42: 29.9
    f9350b194ba1243e68e7fbea8d5db57f: 12
    abd9bc69b657e486596d9f94dd77f03c: 0.106
    f022d14bc5b6b44328d6416359a733f7: -26
    e6704c4c0f2f446cc854667a285f4719: 0.26700002
    d489775eeffbc44f28527c47a8038d99: 0
    c800ea2f5821e484ab4ba6cf284511db: 0
    fddec1afcd6514da2832019040c592d5: -10
  m_TransitionOverrides: {}
--- !u!244 &627519070691540601
AudioMixerEffectController:
  m_ObjectHideFlags: 3
  m_CorrespondingSourceObject: {fileID: 0}
  m_PrefabInstance: {fileID: 0}
  m_PrefabAsset: {fileID: 0}
  m_Name: 
  m_EffectID: b23d6fa40229b4adeb201177cdb5b0ac
  m_EffectName: Attenuation
  m_MixLevel: 049e618890d9740ffa1e753e6bc88ee3
  m_Parameters: []
  m_SendTarget: {fileID: 0}
  m_EnableWetMix: 0
  m_Bypass: 0
--- !u!243 &1172428234610110384
AudioMixerGroupController:
  m_ObjectHideFlags: 0
  m_CorrespondingSourceObject: {fileID: 0}
  m_PrefabInstance: {fileID: 0}
  m_PrefabAsset: {fileID: 0}
  m_Name: MusicWrapper
  m_AudioMixer: {fileID: 24100000}
  m_GroupID: 521cf961f90264188a684dd629b85af8
  m_Children:
  - {fileID: -2315725508912255831}
  m_Volume: 1e4c5b87e578d4de19d5c421ac924b9c
  m_Pitch: 2940b9387629943598a3ef72a6141360
  m_Send: 00000000000000000000000000000000
  m_Effects:
  - {fileID: 3864766373190278860}
  m_UserColorIndex: 0
  m_Mute: 0
  m_Solo: 0
  m_BypassEffects: 0
--- !u!243 &1908512638694228473
AudioMixerGroupController:
  m_ObjectHideFlags: 0
  m_CorrespondingSourceObject: {fileID: 0}
  m_PrefabInstance: {fileID: 0}
  m_PrefabAsset: {fileID: 0}
  m_Name: Notifications
  m_AudioMixer: {fileID: 24100000}
  m_GroupID: 8318291d6b4a74a86bf4900b3c6a0f3a
  m_Children: []
  m_Volume: 1f19d6176d6244dfdb35a65c574e7af4
  m_Pitch: 3b3a00c64a11c4e49b6223e0f417cb9e
  m_Send: 00000000000000000000000000000000
  m_Effects:
  - {fileID: 7301476925039978864}
  m_UserColorIndex: 0
  m_Mute: 0
  m_Solo: 0
  m_BypassEffects: 0
--- !u!243 &3252583100440898473
AudioMixerGroupController:
  m_ObjectHideFlags: 0
  m_CorrespondingSourceObject: {fileID: 0}
  m_PrefabInstance: {fileID: 0}
  m_PrefabAsset: {fileID: 0}
  m_Name: EffectsWrapper
  m_AudioMixer: {fileID: 24100000}
  m_GroupID: af202534732c74843a7a961138aec5f0
  m_Children:
  - {fileID: -904900177050666014}
  m_Volume: f9350b194ba1243e68e7fbea8d5db57f
  m_Pitch: 970b10405d5d94aab96254b1b454163d
  m_Send: 00000000000000000000000000000000
  m_Effects:
  - {fileID: -8839203338527850538}
  m_UserColorIndex: 0
  m_Mute: 0
  m_Solo: 0
  m_BypassEffects: 0
--- !u!244 &3411374888594625152
AudioMixerEffectController:
  m_ObjectHideFlags: 3
  m_CorrespondingSourceObject: {fileID: 0}
  m_PrefabInstance: {fileID: 0}
  m_PrefabAsset: {fileID: 0}
  m_Name: 
  m_EffectID: 354b36544bafe4c94a23c5cd32c3321d
  m_EffectName: Attenuation
  m_MixLevel: e8d3a4565526349fda45a05163bae926
  m_Parameters: []
  m_SendTarget: {fileID: 0}
  m_EnableWetMix: 0
  m_Bypass: 0
--- !u!244 &3864766373190278860
AudioMixerEffectController:
  m_ObjectHideFlags: 3
  m_CorrespondingSourceObject: {fileID: 0}
  m_PrefabInstance: {fileID: 0}
  m_PrefabAsset: {fileID: 0}
  m_Name: 
  m_EffectID: 35bb1f14fd8534a3580893640aa81d29
  m_EffectName: Attenuation
  m_MixLevel: 6ef9eb09b425b44f2bf504d46e693317
  m_Parameters: []
  m_SendTarget: {fileID: 0}
  m_EnableWetMix: 0
  m_Bypass: 0
--- !u!243 &4806972945515477889
AudioMixerGroupController:
  m_ObjectHideFlags: 0
  m_CorrespondingSourceObject: {fileID: 0}
  m_PrefabInstance: {fileID: 0}
  m_PrefabAsset: {fileID: 0}
  m_Name: Explosions
  m_AudioMixer: {fileID: 24100000}
  m_GroupID: 52a473d76e0d6483abeec6bef3b646e0
  m_Children: []
  m_Volume: 2c80d32f989e2486d8bddcb2b1b6497b
  m_Pitch: c2ae6116bdc4a481da6af0004895a716
  m_Send: 00000000000000000000000000000000
  m_Effects:
  - {fileID: 3411374888594625152}
  m_UserColorIndex: 0
  m_Mute: 0
  m_Solo: 0
  m_BypassEffects: 0
--- !u!244 &6847117127619023284
AudioMixerEffectController:
  m_ObjectHideFlags: 3
  m_CorrespondingSourceObject: {fileID: 0}
  m_PrefabInstance: {fileID: 0}
  m_PrefabAsset: {fileID: 0}
  m_Name: 
  m_EffectID: 51d8ac25bd2f8490cbd51539a7a505c7
  m_EffectName: Attenuation
  m_MixLevel: 2f9eaed8d16df4506a55f336781b424b
  m_Parameters: []
  m_SendTarget: {fileID: 0}
  m_EnableWetMix: 0
  m_Bypass: 0
--- !u!244 &7301476925039978864
AudioMixerEffectController:
  m_ObjectHideFlags: 3
  m_CorrespondingSourceObject: {fileID: 0}
  m_PrefabInstance: {fileID: 0}
  m_PrefabAsset: {fileID: 0}
  m_Name: 
  m_EffectID: f75cf2dbeedbd4108880b90729e57676
  m_EffectName: Attenuation
  m_MixLevel: 9310f1cccea064245abfac329a88affd
  m_Parameters: []
  m_SendTarget: {fileID: 0}
  m_EnableWetMix: 0
  m_Bypass: 0
--- !u!243 &8809805033305890169
AudioMixerGroupController:
  m_ObjectHideFlags: 0
  m_CorrespondingSourceObject: {fileID: 0}
  m_PrefabInstance: {fileID: 0}
  m_PrefabAsset: {fileID: 0}
  m_Name: DialogsWrapper
  m_AudioMixer: {fileID: 24100000}
  m_GroupID: 53a5c830e312240c58794f5b06390607
  m_Children:
  - {fileID: -2292112155757558670}
  m_Volume: f022d14bc5b6b44328d6416359a733f7
  m_Pitch: 05ba535efda534bf8aa01f96c1570f49
  m_Send: 00000000000000000000000000000000
  m_Effects:
  - {fileID: -796092885681348721}
  m_UserColorIndex: 0
  m_Mute: 0
  m_Solo: 0
  m_BypassEffects: 0
